 Dungeon Crawl Stone Soup version 0.21.1-1-g345015fe64 (webtiles) character file.

20389 Oravi the Black Belt (level 12, -7/99 HPs)
             Began as a Merfolk Transmuter on Apr 28, 2018.
             Was a High Priest of Dithmenos.
             Mangled by a wolf (12 damage)
             ... on level 3 of the Lair of Beasts.
             The game lasted 01:15:03 (14585 turns).

Oravi the Black Belt (Merfolk Transmuter)          Turns: 14585, Time: 01:15:03

Health: -7/99      AC:  7    Str: 12    XL:     12   Next: 79%
Magic:  15/15      EV: 15    Int: 20    God:    Dithmenos [*****.]
Gold:   738        SH:  0    Dex: 14    Spells: 1/15 levels left

rFire    x . .     SeeInvis .     - Unarmed
rCold    + + +     Gourm    .   (shield currently unavailable)
rNeg     . . .     Faith    .   (armour currently unavailable)
rPois    +         Spirit   .   (helmet currently unavailable)
rElec    .         Reflect  .   (cloak currently unavailable)
rCorr    .         Harm     .   (gloves currently unavailable)
MR       .....                  (boots currently unavailable)
Stlth    ++++++....             (no amulet)
HPRegen  0.26/turn              F - +2 ring of intelligence
MPRegen  0.14/turn              M - ring of wizardry

@: ice-form, berserk cooldown, very slightly contaminated, slowed, wreathed by
umbra, very slow
A: large, (change form in water), (swift swim), (stealthy swim), robust 1,
strong 1
a: End Transformation, Shadow Step, Shadow Form, Renounce Religion


You were on level 3 of the Lair of Beasts.
You worshipped Dithmenos.
Dithmenos was extremely pleased with you.
You were not hungry.
You were a creature of crystalline ice.
You visited 3 branches of the dungeon, and saw 14 of its levels.
You also visited: Sewer.

You collected 738 gold pieces.

Inventory:

Missiles
 a - 149 arrows
 g - 232 stones (quivered)
 s - 14 tomahawks
 x - 5 silver tomahawks
 G - a throwing net
Armour
 h - a +1 robe of fire resistance
 t - a +0 pair of gloves (melded)
 w - a +2 hat (melded)
 C - a +0 troll leather armour (melded) {Purgy}
 P - the cursed +0 ring mail of Compression {rPois Dex+9 Stlth-}
   (You found it on level 9 of the Dungeon)

   It affects your dexterity (+9).
   It protects you from poison.
   It makes you less stealthy.
   It has a curse placed upon it.
Jewellery
 k - an uncursed ring of poison resistance
 F - a +2 ring of intelligence (left front paw)
 M - a ring of wizardry (right front paw)
Wands
 n - a wand of polymorph (7)
 y - a wand of iceblast (20)
 E - a wand of disintegration (32)
 I - a wand of digging (10)
 K - a wand of enslavement (13)
Scrolls
 e - 8 scrolls of enchant armour
 f - 2 scrolls of remove curse
 i - 3 scrolls of identify
 m - a scroll of fog
 q - a scroll of fear
 A - a scroll of blinking
 H - 2 scrolls of amnesia
 J - 3 scrolls of teleportation
Potions
 b - 2 potions of cancellation
 j - a potion of invisibility
 l - 2 potions of curing
 p - 5 potions of flight
 r - 2 potions of might
 u - 2 potions of berserk rage
 v - 2 potions of agility
 B - a potion of haste
 O - 2 potions of magic
Books
 c - a book of Changes

   Spells                             Type                      Level
   a - Beastly Appendage              Transmutation                1
   b - Sticks to Snakes               Transmutation                2
   c - Spider Form                    Transmutation/Poison         3
   d - Ice Form                       Ice/Transmutation            4
   e - Blade Hands                    Transmutation                5
 L - a book of Debilitation

   Spells                             Type                      Level
   a - Corona                         Hexes                        1
   b - Slow                           Hexes                        2
   c - Inner Flame                    Hexes/Fire                   3
   d - Portal Projectile              Hexes/Translocation          3
   e - Cause Fear                     Hexes                        4
   f - Leda's Liquefaction            Hexes/Earth                  4
Comestibles
 d - 23 rations
 z - 5 chunks of flesh


   Skills:
 - Level 1.1 Fighting
 * Level 9.8 Dodging
 * Level 8.9 Stealth
 + Level 15.9 Unarmed Combat
 - Level 2.0 Spellcasting
 - Level 11.0 Transmutations
 - Level 5.4 Ice Magic
 - Level 3.0 Poison Magic


You had one spell level left.
You knew the following spells:

 Your Spells              Type           Power        Failure   Level  Hunger
a - Spider Form           Tmut/Pois      ####......   1%          3    ###....
b - Ice Form              Ice/Tmut       ####....     2%          4    #####..
c - Sticks to Snakes      Tmut           #####...     1%          2    ##.....
d - Blade Hands           Tmut           #####.....   1%          5    ######.


Dungeon Overview and Level Annotations

Branches:
Dungeon (10/15)            Temple (1/1) D:4            Lair (3/6) D:8
 Shoals (0/4) Lair:2
  Snake: Lair:2-4    Spider: Lair:2-4       Orc: D:9-12

Altars:
Ashenzari
Cheibriados
Dithmenos
Elyvilon
Fedhas
Gozag
Hepliaklqana
Kikubaaqudgha
Makhleb
Nemelex Xobeh
Okawaru
Qazlal
Ru
Sif Muna
Trog
Uskayaw
Vehumet
Wu Jian
Xom
Yredelemnul
Zin
The Shining One

Shops:
D:9 **[[

Annotations:
D:10 exclusions: 2 wraiths and 3 more exclusions, Josephine; tensugalgo's ghost, novice TrMo
Lair:1 exclusions: crocodile and hydra
Lair:3 exclusion: hydra


Innate Abilities, Weirdness & Mutations

((You revert to your normal form in water.))
((You are very nimble and swift while swimming.))
((You are very stealthy in the water. (Stealth+)))
You are robust. (+10% HP)
Your muscles are strong. (Str +2)


Message History

You're too confused to move!
The wolf misses you. The wolf barely misses you.
The wolf closely misses you. x3; The wolf bites you.
* * * LOW HITPOINT WARNING * * *
The wolf bites you!
* * * LOW HITPOINT WARNING * * *
You bump into the rock wall.
You feel less invigorated.
You feel less confused.
The wolf misses you. x2; The wolf bites you!
* * * LOW HITPOINT WARNING * * *
The wolf closely misses you. The wolf misses you. The wolf closely misses you.
The wolf bites you but does no damage. The wolf barely misses you.
Okay, then.
Blink to where?
Press: ? - help, Dir - move target cursor Really blink into a travel-excluded area?
You are very lightly contaminated with residual magic.
As you read the scroll of blinking, it crumbles to dust.
The wolf completely misses you. The wolf bites you!
You die...

# #.........## ##
####......<...#
.#####.#.##........##
...............$...#
....#P.P##.##!.....##
....#...............#
....P...............#
.รท..........#......P#
......$.........Y..##
....#.P..#.....hhh.#
...........P.......#
...#######P....Yhh.##
...# ###........# ...#
#...Yh...# ...#
#....Y.h## ...#
....hh..# ...#
.......h.###


You could see 3 yaks and 9 wolves.

Vanquished Creatures
  Gastronok (Lair:2)
  2 hydras
  Erica (Lair:1)
  3 two-headed ogres
  4 merfolk sirens (Lair:2)
  3 black mambas
  4 spiny frogs
  3 komodo dragons
  A troll (D:9)
  2 hippogriffs
  4 blink frogs (Lair:1)
  Sigmund (D:4)
  A wyvern (Lair:1)
  A basilisk (Lair:2)
  15 yaks
  A hungry ghost (D:9)
  Edmund (D:4)
  6 porcupines
  3 ice beasts
  4 sky beasts
  2 phantoms
  Purgy (Sewer)
  2 orc warriors
  A black bear (D:6)
  4 ogres
  14 wolves
  A centaur (D:2)
  3 crocodiles
  8 bullfrogs
  A water moccasin zombie (D:10)
  A scorpion (D:9)
  4 killer bees (D:10)
  12 wights
  3 howler monkeys
  7 crimson imps
  2 centaur zombies
  A bullfrog zombie (D:6)
  A centaur skeleton (D:6)
  A hound (D:7)
  3 jellies
  19 orc wizards
  4 orc priests
  A bullfrog skeleton (D:8)
  2 iguanas
  7 worker ants
  A hound zombie (D:7)
  A hound skeleton (D:6)
  2 worker ant zombies
  A gnoll (D:1)
  8 adders
  2 oozes
  2 adder zombies
  An adder skeleton (D:8)
  A worm (D:4)
  3 dart slugs
  A leopard gecko (D:3)
  32 orcs
  3 ball pythons
  9 bats
  9 giant cockroaches
  10 goblins
  3 hobgoblins
  17 jackals
  2 quokkas (D:4)
  4 frilled lizards
  A jackal skeleton (D:4)
  6 kobolds
  A quokka skeleton (D:4)
  5 rats
  A spectral orc (D:4)
292 creatures vanquished.

Vanquished Creatures (others)
  2 plants
2 creatures vanquished.

Grand Total: 294 creatures vanquished

Notes
Turn   | Place    | Note
-------+----------+-------------------------------------------
     0 | D:1      | Oravi the Merfolk Transmuter began the quest for the Orb.
     0 | D:1      | Reached XP level 1. HP: 15/15 MP: 3/3
    14 | D:1      | Reached XP level 2. HP: 21/21 MP: 3/5
   508 | D:1      | Reached skill level 4 in Unarmed Combat
   745 | D:2      | Reached XP level 3. HP: 21/26 MP: 4/6
   749 | D:2      | Learned a level 2 spell: Sticks to Snakes
   753 | D:2      | Learned a level 3 spell: Spider Form
   830 | D:2      | Noticed a centaur
   839 | D:2      | Killed a centaur
   839 | D:2      | Reached skill level 1 in Poison Magic
   839 | D:2      | Reached XP level 4. HP: 5/32 MP: 3/7
  1381 | D:2      | Reached skill level 5 in Unarmed Combat
  1381 | D:2      | Reached XP level 5. HP: 37/37 MP: 3/8
  1735 | D:2      | Found a sacrificial altar of Ru.
  1807 | D:2      | Found a blossoming altar of Fedhas.
  2616 | D:3      | Found a faded altar of an unknown god.
  3100 | D:4      | Reached skill level 5 in Transmutations
  3346 | D:4      | Noticed an ogre
  3361 | D:4      | Killed an ogre
  3361 | D:4      | Reached XP level 6. HP: 40/43 MP: 6/9
  3429 | D:4      | Found a staircase to the Ecumenical Temple.
  3440 | Temple   | Entered the Ecumenical Temple
  3565 | Temple   | Became a worshipper of Dithmenos the Shadowed
  3689 | D:4      | Gained mutation: You are robust. (+10% HP) [potion of mutation]
  3689 | D:4      | Gained mutation: Your muscles are strong. (Str +2) [potion of mutation]
  4012 | D:4      | Reached skill level 6 in Unarmed Combat
  4205 | D:4      | Learned a level 4 spell: Ice Form
  4414 | D:4      | Noticed Edmund
  4433 | D:4      | Killed Edmund
  4433 | D:4      | Reached skill level 1 in Ice Magic
  4433 | D:4      | Reached XP level 7. HP: 26/52 MP: 6/10
  4596 | D:4      | Noticed Sigmund
  4604 | D:4      | Killed Sigmund
  4892 | D:4      | Found a basalt altar of Yredelemnul.
  4974 | D:5      | Entered Level 5 of the Dungeon
  5084 | D:5      | Reached skill level 7 in Unarmed Combat
  5089 | D:5      | Reached * piety under Dithmenos
  5100 | D:5      | Reached XP level 8. HP: 56/59 MP: 5/11
  5494 | D:5      | Reached skill level 8 in Unarmed Combat
  5558 | D:5      | Reached ** piety under Dithmenos
  6066 | D:5      | Got a brightly glowing spear
  6067 | D:5      | Identified the +5 spear of Esyax {venom, rElec} (You found it on level 5 of the Dungeon)
  6162 | D:6      | Found a blossoming altar of Fedhas.
  6252 | D:6      | Found a glowing drain.
  6261 | Sewer    | Entered a sewer
  6424 | Sewer    | Noticed Purgy
  6439 | Sewer    | Killed Purgy
  6439 | Sewer    | Reached skill level 9 in Unarmed Combat
  6439 | Sewer    | Reached XP level 9. HP: 55/64 MP: 6/12
  6703 | D:6      | Found a white marble altar of Elyvilon.
  6774 | D:6      | Found an ancient bone altar of Kikubaaqudgha.
  7282 | D:7      | Reached skill level 10 in Unarmed Combat
  7326 | D:7      | Found an iron altar of Okawaru.
  7594 | D:7      | Reached skill level 10 in Transmutations
  8167 | D:8      | Noticed a two-headed ogre
  8203 | D:8      | Found a burning altar of Makhleb.
  8228 | D:8      | Reached *** piety under Dithmenos
  8381 | D:8      | Noticed a two-headed ogre
  8395 | D:8      | Killed a two-headed ogre
  8395 | D:8      | Reached skill level 11 in Unarmed Combat
  8395 | D:8      | Reached skill level 5 in Ice Magic
  8395 | D:8      | Reached XP level 10. HP: 18/71 MP: 11/13
  8829 | D:8      | Reached skill level 1 in Stealth
  8991 | D:8      | Killed a two-headed ogre
  9189 | D:8      | Reached skill level 12 in Unarmed Combat
  9324 | D:8      | Found a staircase to the Lair.
  9668 | D:9      | Got a warped ring mail
  9759 | D:8      | Identified the cursed +0 ring mail of Compression {rPois Dex+9 Stlth-} (You found it on level 9 of the Dungeon)
  9806 | D:9      | Found Koucvu's Assorted Antiques.
  9821 | D:9      | Reached skill level 5 in Dodging
 10140 | D:9      | Found Asudd's General Store.
 10150 | D:9      | Found Haopp's Armour Boutique.
 10160 | D:9      | Reached **** piety under Dithmenos
 10174 | D:9      | Found Poluh's Armour Emporium.
 10878 | D:10     | Entered Level 10 of the Dungeon
 10895 | D:10     | Noticed a two-headed ogre
 10906 | D:10     | Killed a two-headed ogre
 10906 | D:10     | Reached XP level 11. HP: 77/77 MP: 11/14
 10993 | D:10     | Noticed Josephine
 11086 | D:10     | Reached skill level 13 in Unarmed Combat
 11206 | D:10     | Noticed tensugalgo's ghost (novice TrMo)
 11633 | Lair:1   | Entered Level 1 of the Lair of Beasts
 11675 | Lair:1   | Reached skill level 5 in Stealth
 11971 | Lair:1   | Noticed an eight-headed hydra
 12220 | Lair:1   | Noticed Erica
 12238 | Lair:1   | Killed Erica
 12351 | Lair:1   | Reached skill level 14 in Unarmed Combat
 12980 | Lair:2   | Noticed a five-headed hydra
 13002 | Lair:2   | Killed a five-headed hydra
 13085 | Lair:2   | Noticed Gastronok
 13226 | Lair:2   | Killed Gastronok
 13226 | Lair:2   | Reached XP level 12. HP: 81/83 MP: 15/15
 13253 | Lair:2   | Learned a level 5 spell: Blade Hands
 13445 | Lair:2   | Found a staircase to the Shoals.
 13456 | Lair:2   | Reached skill level 15 in Unarmed Combat
 13469 | Lair:2   | Reached ***** piety under Dithmenos
 14427 | Lair:3   | Noticed a seven-headed hydra
 14558 | Lair:3   | Killed a seven-headed hydra
 14581 | Lair:3   | HP: 3/99 [wolf (8)]
 14585 | Lair:3   | Mangled by a wolf

Skill      XL: |  1  2  3  4  5  6  7  8  9 10 11 12 |
---------------+-------------------------------------+-----
Transmutations | 3 4 5 6 7 9 10 11 | 11.0
Unarmed Combat | 4 5 6 7 9 11 12 14 15 | 15.9
Poison Magic   | 1 2 3 |  3.0
Ice Magic      | 1 2 3 5 |  5.4
Dodging        | 5 8 9 |  9.8
Stealth        | 4 7 8 |  8.9
Fighting       | |  1.1
Spellcasting   | |  2.0

Action                   |  1- 3 |  4- 6 |  7- 9 | 10-12 || total
-------------------------+-------+-------+-------+-------++-------
Melee: Unarmed           |    31 |   161 |   294 |   442 ||   928
       Headbutt          |     5 |       |       |       ||     5
       Punch             |       |     1 |       |       ||     1
Throw: Stone             |    18 |    60 |    72 |       ||   150
       Tomahawk          |       |    48 |    14 |     3 ||    65
 Cast: Beastly Appendage |     7 |       |       |       ||     7
       Spider Form       |     2 |    29 |    42 |    24 ||    97
       Ice Form          |       |       |       |    23 ||    23
       Sticks to Snakes  |       |       |       |     1 ||     1
 Abil: End Transformatio |       |       |       |     1 ||     1
  Use: Scroll            |     3 |    14 |     4 |     9 ||    30
       Potion            |       |     2 |     2 |     7 ||    11
 Stab: Sleeping          |       |     2 |     2 |    13 ||    17
       Distracted        |       |       |     1 |     1 ||     2
  Eat: Chunk             |       |    12 |    13 |    23 ||    48
       Ration            |       |     1 |     2 |     1 ||     4
Armor: Robe              |     3 |     9 |    50 |       ||    62
       Skin              |       |     8 |    15 |    26 ||    49
Dodge: Dodged            |    31 |   138 |   355 |   374 ||   898
